 Dungeon Crawl Stone Soup version 0.30.1-11-g7821555f0a (webtiles) character file.

Game seed: 11180752656225679266

311 Kranky the Poker (level 6, -5/84 HPs)
             Began as a Minotaur Berserker on Oct 28, 2023.
             Was a Priest of Trog.
             Slain by Pikel
             ... wielding a +1 whip of flaming
              (8 damage)
             ... on level 4 of the Dungeon.
             The game lasted 00:05:31 (2909 turns).

Kranky the Poker (Minotaur Berserker)               Turns: 2909, Time: 00:05:32

Health: -5/84      AC: 10    Str: 23    XL:     6   Next: 18%
Magic:  1/1        EV: 11    Int:  4    God:    Trog [***...]
Gold:   159        SH:  0    Dex: 10    Spells: 5/5 levels left

rFire   . . .        d - +2 war axe (antimagic)
rCold   . . .        (no shield)
rNeg    . . .        u - +0 scale mail
rPois   .            (helmet restricted)
rElec   .            s - +0 cloak
rCorr   .            o - +0 pair of gloves
SInv    .            n - +0 pair of boots
Will    .....        (no amulet) Stlth
                     (no ring)
HPRegen 0.34/turn    (no ring)
MPRegen 0.07/turn

%: no passive effects
@: berserking, very quick
A: horns 2, retaliatory headbutt
a: Renounce Religion, Berserk, Trog's Hand


You were on level 4 of the Dungeon.
You worshipped Trog.
Trog was most pleased with you.
You visited 1 branch of the dungeon, and saw 4 of its levels.

You collected 159 gold pieces.

Inventory:

Hand Weapons
 a - a +0 spear
 c - a +0 trident
 d - a +2 antimagic war axe (weapon)
 e - a +1 short sword of venom
Missiles
 w - a throwing net (quivered)
Armour
 b - a +0 animal skin
 m - a +0 leather armour
 n - a +0 pair of boots (worn)
 o - a +0 pair of gloves (worn)
 s - a +0 cloak (worn)
 u - a +0 scale mail (worn)
Scrolls
 f - a scroll of vulnerability {unknown}
 g - 3 scrolls of identify {unknown}
 h - a scroll of amnesia {unknown}
 i - 2 scrolls of teleportation {unknown}
 j - a scroll of immolation {unknown}
 k - a scroll of enchant weapon {unknown}
 l - a scroll of fog {unknown}
 t - a scroll of magic mapping {unknown}
 y - a scroll of blinking {unknown}
Potions
 p - 2 potions of curing {unknown}
 q - a potion of might {unknown}
 r - a potion of lignification {unknown}
 v - a potion of heal wounds {unknown}
 x - 2 potions of resistance {unknown}


   Skills:
 + Level 5.1 Fighting
 + Level 1.4(3.6) Axes
 + Level 5.1(5.3) Polearms
 + Level 4.3 Armour
 + Level 3.9 Dodging


You had 5 spell levels left.
You didn't know any spells.
Your spell library was empty.

Dungeon Overview and Level Annotations

Branches:
Dungeon (4/15)
 Temple: D:4-7

Altars:

Shops:
D:3 :

Annotations:
D:4 Pikel


Innate Abilities, Weirdness & Mutations

You have a pair of horns on your head.
You reflexively headbutt those who attack you in melee.


Message History

Pikel hits you with a +1 whip of flaming.
Pikel burns you. The lemure hits you.
Pikel says, "You'll make a fine lemure."
Pikel barely misses you. The lemure hits you but does no damage.
The lemure attacks as you move away! The lemure hits you.
Pikel zaps a wand.
The bolt of dispelling energy hits you!
You hit the lemure but do no damage.
The lemure is moderately wounded.
The lemure misses you.
You slash the lemure! Your headbutt misses the lemure.
The lemure is severely wounded.
The lemure barely misses you.
You closely miss the lemure.
You headbutt the lemure, but do no damage.
The lemure is severely wounded.
The lemure hits you but does no damage. The lemure misses you.
Pikel hits you with a +1 whip of flaming.
Pikel burns you.
* * * LOW HITPOINT WARNING * * *
You miss Pikel. You headbutt Pikel!
Pikel is heavily wounded.
You slash the lemure!
You kill the lemure!
That felt strangely unrewarding.
The jackal barely misses you.
Pikel hits you with a +1 whip of flaming.
* * * LOW HITPOINT WARNING * * *
Pikel burns you.
* * * LOW HITPOINT WARNING * * *
A red film seems to cover your vision as you go berserk!
You feel yourself moving faster!
You feel mighty!
The jackal bites you but does no damage.
Pikel zaps a wand.
The bolt of dispelling energy hits you!
* * * LOW HITPOINT WARNING * * *
The jackal bites you.
* * * LOW HITPOINT WARNING * * *
You barely miss Pikel. You headbutt Pikel, but do no damage.
Pikel is heavily wounded.
You hit the jackal.
Pikel hits you with a +1 whip of flaming!
You die...

. ..........## .
...#.......###
.......##.#....#.##
......#####.......#
....#.#.##........#
.................###
..?.........##.#.#.##
..........#5K#......#
..........#.#@.##...##
........###5h#..##...#
......h....h##.......#
........5..hh.....#.##
......#...###....##.#
#..K..##..#....### ##
5..... #..##...# .....
..####.## 5.... ..##
###


You could see Pikel, 3 lemures and 3 jackals.

Vanquished Creatures
  A lemure (D:4)
  A gnoll bouda (D:4)
  Natasha (thrice) (D:2)
  An orc wizard (D:3)
  Robin (D:3)
  4 gnolls (D:4)
  3 adders
  A white imp (D:3)
  3 dart slugs
  9 orcs
  2 ball pythons (D:3)
  5 bats
  5 endoplasms
  3 giant cockroaches
  11 goblins
  9 hobgoblins
  2 jackals (D:1)
  3 quokkas
  3 frilled lizards
  13 kobolds
  5 rats
88 creatures vanquished.

Notes
Turn   | Place    | Note
-------+----------+-------------------------------------------
     0 | D:1      | Kranky the Minotaur Berserker began the quest for the Orb.
     0 | D:1      | Reached XP level 1. HP: 19/19 MP: 0/0
   237 | D:1      | Reached XP level 2. HP: 27/27 MP: 0/1
  1129 | D:2      | Noticed Natasha
  1145 | D:2      | Reached XP level 3. HP: 28/33 MP: 0/2
  1146 | D:2      | Killed Natasha
  1183 | D:2      | Reached ** piety under Trog
  1234 | D:2      | Reached XP level 4. HP: 40/40 MP: 1/3
  1323 | D:2      | Noticed Natasha
  1330 | D:2      | Killed Natasha
  1416 | D:2      | Noticed Natasha
  1420 | D:2      | Killed Natasha
  1611 | D:3      | Reached XP level 5. HP: 42/47 MP: 1/4
  1680 | D:3      | Found Duul's Book Shoppe.
  2023 | D:3      | Noticed Robin
  2033 | D:3      | Reached *** piety under Trog
  2037 | D:3      | Killed Robin
  2080 | D:3      | Reached skill level 5 in Polearms
  2512 | D:4      | Reached skill level 1 in Axes
  2517 | D:4      | Reached skill level 5 in Fighting
  2522 | D:4      | Reached XP level 6. HP: 5/56 MP: 1/5
  2885 | D:4      | Noticed Pikel
  2908 | D:4      | HP: 4/84 [Pikel/bolt of dispelling energy (17)]
  2909 | D:4      | Slain by Pikel

Illustrated notes

Levels and vault maps discovered:
D:1:      dpeg_arrival_stonehenge_8_columns, layout_basic
D:2:      layout_rooms, uniq_natasha
D:3:      layout_basic, serial_shops, nicolae_shop_hallway_plus,
          serial_bayou_ford_a, uniq_robin
D:4:      layout_cave_pools, dk_noncrumbling_4, corner_web_ring,
          minmay_misc_feat_chi, nicolae_elevator_lobby_plus, uniq_pikel

Skill      XL: |  1  2  3  4  5 |
---------------+----------------+-----
Polearms       | 4 5 |  5.1
Fighting       | 4 5 |  5.1
Armour         | 3 4 |  4.3
Dodging        | 3 |  3.9
Axes           | 1 |  1.4

Action                     |  1- 3 |  4- 6 || total
---------------------------+-------+-------++-------
  Melee: Trident           |     9 |       ||     9
         War axe           |    33 |   110 ||   143
         Headbutt          |     3 |    17 ||    20
         Punch             |     1 |     3 ||     4
 Invoke: Berserk           |       |     1 ||     1
   Stab: Sleeping          |     1 |       ||     1
 Armour: Animal skin       |     4 |       ||     4
         Leather armour    |     4 |    40 ||    44
         Scale mail        |       |    21 ||    21
  Dodge: Dodged            |    21 |    68 ||    89
